 Dungeon Crawl Stone Soup version 0.23.2-1-ga50397a6bc (webtiles) character file.

Game seed: 16354499513247046101

18249 Kobolds4U the Severer (level 12, -8/106 HPs)
             Began as a Minotaur Fighter on Apr 25, 2019.
             Was a High Priest of Qazlal.
             Killed from afar by a frost giant (47 damage)
             ... with a bolt of cold
             ... in an ice cave.
             The game lasted 00:24:28 (12535 turns).

Kobolds4U the Severer (Minotaur Fighter)           Turns: 12535, Time: 00:24:29

Health: -8/106     AC: 24    Str: 25    XL:     12   Next: 26%
Magic:  11/11      EV:  8    Int:  6    God:    Qazlal [*****.]
Gold:   697        SH:  6    Dex: 19    Spells: 11/11 levels left

rFire    . . .     SeeInvis .   I - +1 whip of Xillil {elec, MR+ Dex+4}
rCold    . . .     Gourm    .   (no shield)
rNeg     . . .     Faith    .   F - +0 plate armour (curse)
rPois    +         Spirit   .   (helmet restricted)
rElec    .         Reflect  .   L - +2 cloak {rPois}
rCorr    .         Harm     .   B - +0 pair of gloves
MR       +....                  (no boots)
Stlth    ..........             t - amulet of the acrobat
HPRegen  0.27/turn              J - ring of wizardry
MPRegen  0.12/turn              (no ring)

@: mighty, protected from physical damage, repel missiles
A: retaliatory headbutt, horns 2
a: Upheaval, Elemental Force, Disaster Area, Renounce Religion


You were in an ice cave.
You worshipped Qazlal.
Qazlal was extremely pleased with you.
You were hungry.

You visited 2 branches of the dungeon, and saw 13 of its levels.
You also visited: Ice Cave.

You collected 697 gold pieces.

Inventory:

Hand Weapons
 a - a +0 war axe of flaming
 I - the +1 whip of Xillil (weapon) {elec, MR+ Dex+4}
   (You found it on level 6 of the Dungeon)

   Occasionally, upon striking a foe, it will discharge some electrical energy
   and cause terrible harm.
   It affects your dexterity (+4).
   It affects your resistance to hostile enchantments.
Missiles
 w - 5 tomahawks (quivered)
Armour
 b - a +0 scale mail
 g - a +1 ring mail of cold resistance
 x - a +0 chain mail
 y - a +2 cloak
 B - a +0 pair of gloves (worn)
 F - a cursed +0 plate armour (worn)
 L - a +2 cloak of poison resistance (worn)
 M - a +1 chain mail of fire resistance
Jewellery
 t - an amulet of the acrobat (around neck)
 J - a ring of wizardry (left hand)
Wands
 z - a wand of flame (29)
 C - a wand of scattershot (4)
 K - a wand of acid (6)
 O - a wand of digging (3)
 Q - a wand of enslavement (8)
Scrolls
 c - 3 scrolls of blinking {unknown}
 h - a scroll of fog {unknown}
 i - 5 scrolls of noise {unknown}
 j - 3 scrolls of amnesia
 m - 2 scrolls of fear {unknown}
 p - 5 scrolls of teleportation
 q - 7 scrolls of remove curse
 s - 3 scrolls of identify
 v - a scroll of enchant armour {unknown}
 H - 2 scrolls of magic mapping {unknown}
 P - a scroll of enchant weapon {unknown}
Potions
 d - 2 potions of might
 e - 2 potions of magic
 k - a potion of haste {unknown}
 l - 4 potions of mutation
 n - 9 potions of curing
 o - a potion of brilliance
 r - a potion of berserk rage
 u - 2 potions of heal wounds
 A - 3 potions of agility
 D - a potion of invisibility
 E - a potion of flight
 G - 2 potions of lignification
Comestibles
 f - 27 rations
 N - 11 chunks of flesh


   Skills:
 - Level 10.0 Fighting
 + Level 16.3 Axes
 + Level 14.2 Armour
   Level 3.6 Shields


You had 11 spell levels left.
You didn't know any spells.
Your spell library contained the following spells:

 Spells                   Type           Power        Failure   Level  Hunger
 Animate Skeleton         Necr           N/A          80%         1    ##.....
 Apportation              Tloc           #.....       80%         1    ##.....
 Beastly Appendage        Tmut           #.....       80%         1    ##.....
 Confusing Touch          Hex            #.....       80%         1    ##.....
 Freeze                   Ice            #...         80%         1    ##.....
 Pain                     Necr           #...         80%         1    ##.....
 Summon Small Mammal      Summ           #...         80%         1    ##.....
 Sticks to Snakes         Tmut           #.......     90%         2    ###....
 Throw Frost              Conj/Ice       #.....       90%         2    ###....
 Ozocubu's Armour         Chrm/Ice       #.......     98%         3    ####...
 Regeneration             Chrm/Necr      #.........   98%         3    ####...
 Spider Form              Tmut/Pois      #.........   98%         3    ####...
 Vampiric Draining        Necr           #.........   98%         3    ####...
 Animate Dead             Necr           N/A          100%        4    #####..
 Ice Form                 Ice/Tmut       #.......     100%        4    #####..
 Summon Ice Beast         Ice/Summ       #.......     100%        4    #####..
 Throw Icicle             Conj/Ice       #.......     100%        4    #####..
 Blade Hands              Tmut           #.........   100%        5    ######.


Dungeon Overview and Level Annotations

Branches:
Dungeon (12/15)            Temple (1/1) D:4            Lair (0/6) D:9
    Orc: D:9-12

Altars:
Ashenzari
Cheibriados
Dithmenos
Elyvilon
Fedhas
Gozag
Hepliaklqana
Kikubaaqudgha
Makhleb
Nemelex Xobeh
Okawaru
Qazlal
Ru
Sif Muna
Trog
Uskayaw
Vehumet
Wu Jian
Xom
Yredelemnul
Zin
The Shining One
Beogh

Shops:
D:10 %

Annotations:
D:8 3 runed translucent doors, Kobolds4U's ghost, novice MiFi


Innate Abilities, Weirdness & Mutations

You reflexively headbutt those who attack you in melee.
You have a pair of horns on your head.


Message History

You are too injured to fight recklessly!
Unknown command.
You hit the frost giant but do no damage.
You headbutt the frost giant, but do no damage.
The frost giant is heavily wounded.
You hear an angry growl.
You hit the frost giant.
The frost giant is heavily wounded.
You hear an angry growl.
The frost giant hits you with a +2 battleaxe of freezing!!
* * * LOW HITPOINT WARNING * * *
The frost giant freezes you.
* * * LOW HITPOINT WARNING * * *
Some of the chunks of flesh in your inventory have rotted away.
You feel much better.
You feel very mighty all of a sudden.
You hear an angry growl.
The frost giant gestures at you while chanting.
The bolt of cold hits you!!!
You die...

≈≈≈≈≈≈≈≈≈##
≈≈≈≈≈≈≈≈#.#
##≈≈≈≈≈##.##
#≈≈≈≈≈ ##.#
##≈≈#≈ ##.#
h.#≈## #..#
#.#≈h###..#
##C#...#
#$@#...#
###.§.##
#..## #.##
#.. ##. ..
#. #.


You could see a frost giant and a polar bear.

Vanquished Creatures
  A two-headed ogre (D:11)
  A death yak (IceCv)
  An ugly thing (D:11)
  A manticore (D:11)
  Joseph (D:7)
  Maurice (D:8)
  A centaur zombie (D:11)
  An ice statue (IceCv)
  5 trolls
  11 polar bears (IceCv)
  2 hippogriffs
  A hornet (D:10)
  A wyvern (D:12)
  A vampire (D:12)
  22 yaks
  A steam dragon (D:11)
  2 hungry ghosts
  A water moccasin (D:5)
  3 orc warriors
  11 ice beasts
  4 sky beasts
  5 phantoms
  15 wolves (IceCv)
  A necrophage (D:10)
  4 centaurs
  6 ogres
  8 bullfrogs
  3 scorpions
  4 killer bees (D:11)
  An electric eel (D:6)
  4 howler monkeys
  5 wights (D:12)
  3 crimson imps
  A bullfrog zombie (D:7)
  A jelly (D:8)
  6 hounds
  4 orc priests
  Crazy Yiuf (D:4)
  7 orc wizards
  2 bullfrog skeletons
  4 centaur skeletons
  3 iguanas
  10 worker ants
  A hound skeleton (D:6)
  3 gnolls (D:6)
  16 adders
  5 shadow imps
  2 oozes
  An adder skeleton (D:7)
  2 adder zombies
  A worm (D:2)
  2 dart slugs
  7 leopard geckos
  32 orcs
  2 ball pythons
  7 giant cockroaches
  10 goblins
  7 hobgoblins
  6 jackals
  11 kobolds
  5 quokkas
  12 bats
  7 frilled lizards
  A giant cockroach zombie (D:5)
  A leopard gecko skeleton (D:4)
  3 rats
315 creatures vanquished.

Vanquished Creatures (others)
  3 polar bears (IceCv)
  A yak (IceCv)
  5 wolves (IceCv)
9 creatures vanquished.

Grand Total: 324 creatures vanquished

Notes
Turn   | Place    | Note
-------+----------+-------------------------------------------
     0 | D:1      | Kobolds4U the Minotaur Fighter began the quest for the Orb.
     0 | D:1      | Reached XP level 1. HP: 19/19 MP: 0/0
   145 | D:1      | Reached XP level 2. HP: 27/27 MP: 1/1
   449 | D:1      | Reached skill level 3 in Axes
   470 | D:1      | Reached XP level 3. HP: 29/33 MP: 2/2
   810 | D:2      | Reached XP level 4. HP: 33/40 MP: 3/3
  1105 | D:2      | Reached skill level 4 in Axes
  1640 | D:3      | Reached skill level 5 in Armour
  1825 | D:3      | Noticed an ogre
  1827 | D:3      | Reached skill level 5 in Axes
  1835 | D:3      | Killed an ogre
  1835 | D:3      | Reached skill level 6 in Axes
  1835 | D:3      | Reached XP level 5. HP: 37/46 MP: 4/4
  2388 | D:4      | Found a blossoming altar of Fedhas.
  2398 | D:4      | Reached XP level 6. HP: 50/52 MP: 5/5
  2408 | D:4      | Reached skill level 7 in Axes
  2658 | D:4      | Found a runed translucent door.
  2659 | D:4      | Noticed Crazy Yiuf
  3160 | D:4      | Reached skill level 5 in Fighting
  3163 | D:4      | Reached XP level 7. HP: 35/61 MP: 6/6
  3293 | D:4      | Found a staircase to the Ecumenical Temple.
  3301 | Temple   | Entered the Ecumenical Temple
  3505 | Temple   | Became a worshipper of Qazlal Stormbringer
  3851 | D:4      | Found a glowing golden altar of the Shining One.
  4220 | D:4      | Killed Crazy Yiuf
  4298 | D:5      | Entered Level 5 of the Dungeon
  4302 | D:5      | Reached skill level 8 in Axes
  5200 | D:6      | Reached XP level 8. HP: 62/70 MP: 7/7
  5201 | D:6      | Reached * piety under Qazlal
  5204 | D:6      | Reached skill level 9 in Axes
  5406 | D:6      | Reached skill level 10 in Axes
  5668 | D:6      | Got an ancient whip
  5669 | D:6      | Identified the cursed +1 whip of Xillil {elec, MR+ Dex+4}
                  | (You found it on level 6 of the Dungeon)
  6259 | D:7      | Reached XP level 9. HP: 80/82 MP: 8/8
  6314 | D:7      | Noticed Joseph
  6337 | D:7      | Killed Joseph
  6337 | D:7      | Reached skill level 11 in Axes
  6658 | D:7      | Reached ** piety under Qazlal
  7382 | D:8      | Found a runed translucent gate.
  7382 | D:8      | Noticed Kobolds4U's ghost (novice MiFi)
  7383 | D:8      | Found a runed translucent gate.
  7384 | D:8      | Found a runed translucent gate.
  7386 | D:8      | Identified the +2 chain mail of Ajyagry {+Fly rElec rF+
                  | SInv}
  7436 | D:8      | Noticed Maurice
  7438 | D:8      | Reached skill level 12 in Axes
  7470 | D:8      | Killed Maurice
  7959 | D:8      | Found a roughly hewn altar of Beogh.
  8203 | D:9      | Found a staircase to the Lair.
  8317 | D:9      | Reached XP level 10. HP: 72/91 MP: 9/9
  8742 | D:10     | Entered Level 10 of the Dungeon
  8753 | D:10     | Reached *** piety under Qazlal
  8948 | D:10     | Reached skill level 13 in Axes
  9106 | D:10     | Reached skill level 10 in Armour
  9427 | D:10     | Found Tiraoma's Food Shop.
  9517 | D:10     | Reached skill level 14 in Axes
 10090 | D:11     | Noticed a brown ugly thing
 10094 | D:11     | Reached XP level 11. HP: 94/97 MP: 10/10
 10112 | D:11     | Killed a brown ugly thing
 10298 | D:11     | Noticed a two-headed ogre
 10315 | D:11     | Killed a two-headed ogre
 10653 | D:11     | Reached **** piety under Qazlal
 10855 | D:12     | Reached skill level 10 in Fighting
 11204 | D:12     | Reached skill level 15 in Axes
 11322 | D:12     | Found a frozen archway.
 11355 | IceCv    | Entered an ice cave
 11978 | IceCv    | Reached ***** piety under Qazlal
 12090 | IceCv    | Reached XP level 12. HP: 96/106 MP: 11/11
 12256 | IceCv    | Noticed a death yak
 12260 | IceCv    | Reached skill level 16 in Axes
 12286 | IceCv    | Killed a death yak
 12517 | IceCv    | Noticed a frost giant
 12535 | IceCv    | Killed from afar by a frost giant

Skill      XL: |  1  2  3  4  5  6  7  8  9 10 11 12 |
---------------+-------------------------------------+-----
Fighting       | 4 5 6 8 9 10 | 10.0
Armour         | 4 5 6 9 11 13 14 | 14.2
Axes           | 3 6 7 8 10 12 14 15 16 | 16.3
Shields        | |  3.6

Action                   |  1- 3 |  4- 6 |  7- 9 | 10-12 || total
-------------------------+-------+-------+-------+-------++-------
Melee: War axe           |    51 |   151 |   112 |       ||   314
       Headbutt          |     6 |    20 |    57 |   186 ||   269
       Whip              |       |       |   160 |   638 ||   798
Evoke: Wand              |       |       |       |     1 ||     1
  Use: Scroll            |       |       |    11 |       ||    11
       Potion            |       |       |     1 |     2 ||     3
  Eat: Chunk             |       |     7 |    15 |    13 ||    35
       Ration            |       |       |     1 |       ||     1
Armor: Scale mail        |    32 |   104 |     4 |       ||   140
       Chain mail        |       |       |   102 |       ||   102
       Plate armour      |       |       |    53 |   346 ||   399
Dodge: Dodged            |    28 |    74 |   110 |   159 ||   371
Block: Shield            |     1 |       |       |       ||     1
       Other             |       |       |    23 |   108 ||   131
